 Dungeon Crawl Stone Soup version 0.29-a0-923-g6e406bff71 (webtiles) character file.

Game seed: 9913851700267955203

81 HoaS the Shooter (level 4, -1/26 HPs)
             Began as a Gargoyle Hunter on July 26, 2022.
             Slain by an iguana (6 damage)
             ... on level 2 of the Dungeon on July 27, 2022.
             The game lasted 00:04:37 (1504 turns).

HoaS the Shooter (Gargoyle Hunter)                  Turns: 1504, Time: 00:04:37

Health: -1/26      AC:  7    Str: 14    XL:     4   Next: 40%
Magic:  4/4        EV: 11    Int: 10    God:
Gold:   99         SH:  0    Dex: 15    Spells: 3/3 levels left

rFire   . . .      SeeInvis .   a - +0 shortbow
rCold   . . .      Faith    .   (shield currently unavailable)
rNeg    + . .      Spirit   .   c - +1 leather armour
rPois   ∞          Reflect  .   (no helmet)
rElec   +          Harm     .   (no cloak)
rCorr   .          Rampage  .   (no gloves)
Will    .....                   (no boots)
Stlth   ++........              (no amulet)
HPRegen 0.08/turn               (no ring)
MPRegen 0.09/turn               (no ring)

@: no status effects
A: sickness immunity, AC +3, negative energy resistance 1, electricity
resistance, torment resistance 1, petrification resistance
a: no special abilities


You were on level 2 of the Dungeon.
You visited 1 branch of the dungeon, and saw 3 of its levels.

You collected 99 gold pieces.

Inventory:

Hand Weapons
 a - a +0 shortbow (weapon)
Armour
 c - a +1 leather armour (worn)
Jewellery
 e - an amulet of guardian spirit
Scrolls
 b - 2 scrolls of immolation
Potions
 d - 2 potions of might
 f - a potion of curing
 g - a potion of attraction {unknown}
 h - a potion of heal wounds {unknown}


   Skills:
 - Level 2.1 Fighting
 + Level 5.7 Ranged Weapons
 - Level 1.5 Dodging
 - Level 1.1 Stealth


You had 3 spell levels left.
You didn't know any spells.
Your spell library was empty.

Dungeon Overview and Level Annotations

Branches:
Dungeon (3/15)

Altars:
Fedhas
Uskayaw
Wu Jian

Annotations:
D:3 Sigmund


Innate Abilities, Weirdness & Mutations

You are immune to sickness and miasma.
Your stone body is resilient. (AC +3)
You are immune to poison.
You resist negative energy. (rN+)
You are resistant to electric shocks. (rElec)
You are resistant to unholy torment.
You are immune to petrification.


Message History

No target in view!
An iguana is nearby!
You shoot an arrow.
The arrow hits the iguana but does no damage.
The iguana is moderately wounded.
No target in view!
No target in view!
No target in view!
Sigmund the Dreaded comes into view.
He is wielding a +0 scythe.
Found a scroll of fog.
Found an ornate altar of the Wu Jian Council.
You shoot an arrow. The arrow barely misses the iguana.
The iguana bites you but does no damage.
You shoot an arrow. The arrow barely misses the iguana.
Sigmund misses you.
The iguana bites you but does no damage.
The iguana attacks as you move away! The iguana barely misses you.
The iguana attacks as you move away! The iguana barely misses you.
Sigmund gestures at you while chanting. The magic dart hits you!
There is an escape hatch in the ceiling here.
The iguana bites you. A mysterious force pulls you upwards.
The hatch slams shut behind you.
You shoot an arrow. The arrow completely misses the iguana.
The iguana closely misses you.
You shoot an arrow. The arrow hits the iguana!
The iguana is severely wounded.
The iguana bites you!
* * * LOW HITPOINT WARNING * * *
You are too injured to fight recklessly!
You are too injured to fight recklessly!
You are too injured to fight recklessly!
You are too injured to fight recklessly!
Fire: a) +0 shortbow
Press: ? - help, Q - select action Shift-Dir - straight line, f/p - iguana
Aim: an iguana (severely wounded, 65% to hit)
You shoot an arrow.
The arrow hits the iguana but does no damage.
The iguana is severely wounded.
The iguana barely misses you. The iguana bites you.
You die...

###.##..##...# #......#.#
.†..##...#)### #......#.#
.#####...#.# #......#.#
.#.......#.# #......#.#
.#.#####.#.# #####.##†#
.#.# #...# #.##.#### ...#
#...#########.##....#
####
#.........l...#####.#
#...#####@...##.....#
#####...# #..=#.##.....#
#.......####...#.##.....#
#†##...>...'...#.###'####
#.........##...#.....#
###.......##...#######
#.......##...#
##'########...# #...#
#####


You could see an iguana.

Vanquished Creatures
  3 adders
  A worm (D:1)
  A dart slug (D:3)
  An orc (D:3)
  3 bats (D:1)
  3 endoplasms
  3 giant cockroaches
  3 goblins (D:1)
  10 hobgoblins
  A quokka (D:2)
  6 ball pythons
  2 frilled lizards
  4 kobolds
  5 rats
46 creatures vanquished.

Vanquished Creatures (others)
  A demonic plant (D:1)
  A fungus (D:3)
2 creatures vanquished.

Grand Total: 48 creatures vanquished

Notes
Turn   | Place    | Note
-------+----------+-------------------------------------------
     0 | D:1      | HoaS the Gargoyle Hunter began the quest for the Orb.
     0 | D:1      | Reached XP level 1. HP: 12/12 MP: 1/1
   141 | D:1      | Reached XP level 2. HP: 17/17 MP: 2/2
   226 | D:1      | Upgraded the game from 0.29-a0-914-g906f1d757c to
                  | 0.29-a0-923-g6e406bff71
   250 | D:1      | Found a faded altar of an unknown god.
   565 | D:2      | Reached skill level 5 in Ranged Weapons
   565 | D:2      | Reached XP level 3. HP: 8/21 MP: 3/3
   767 | D:2      | Identified the +2 ring mail "Parradutt" {rPois Str+9 Int+2
                  | Slay-3}
  1240 | D:3      | Reached XP level 4. HP: 26/26 MP: 4/4
  1320 | D:3      | Noticed a +0 falchion
  1320 | D:3      | Noticed a +0 spear
  1321 | D:3      | Noticed a +0 spear
  1323 | D:3      | Noticed a +0 dagger
  1323 | D:3      | Noticed a +0 short sword
  1324 | D:3      | Noticed a +0 dagger
  1324 | D:3      | Noticed a +0 short sword
  1324 | D:3      | Noticed a +0 falchion
  1331 | D:3      | Found a hide-covered altar of Uskayaw.
  1439 | D:3      | Found a blossoming altar of Fedhas.
  1490 | D:3      | Found an ornate altar of the Wu Jian Council.
  1490 | D:3      | Noticed Sigmund
  1504 | D:2      | Slain by an iguana

Illustrated notes

Levels and vault maps discovered:
D:1:      elethiomel_arrival_maze, layout_basic, shapermc_ecumenical_altar_gd,
          st_stairs_5, chequers_serial_rivers_micro_e
D:2:      layout_basic
D:3:      layout_basic, mainiacjoe_overflow_paths, nzn_wu_jian_contemplation,
          nicolae_uskayaw_en_pointe, grunt_decor_arrowhead,
          grunt_decor_one_mirror, dreamdust_mushroom_princess,
          minmay_stone_trees_large, minmay_ogre_servants, uniq_sigmund,
          uniq_terence

Skill      XL: |  1  2 |
---------------+-------+-----
Ranged Weapons | 5 |  5.7
Fighting       | |  2.1
Dodging        | |  1.5
Stealth        | |  1.1

Action                   |  1- 3 |  4- 6 || total
-------------------------+-------+-------++-------
 Fire: Shortbow          |    86 |    26 ||   112
  Use: Scroll            |     2 |     4 ||     6
Armor: Leather armour    |    14 |     2 ||    16
Dodge: Dodged            |    28 |     5 ||    33

Table legend: (Time is in decaauts)
 A = Elapsed time spent in this place.
 B = Non-inter-level travel time spent in this place.
 C = Inter-level travel time spent in this place.
 D = Time resting spent in this place.
 E = Time spent auto-exploring this place.
 F = Levels seen in this place.
 G = Mean time per level.
                   A        B        C        D        E       F      G
               +--------+--------+--------+--------+--------+-----+--------+
         Total |   1534 |   1508 |     26 |    217 |   1010 |   3 |  511.3 |
       Dungeon |   1534 |   1508 |     26 |    217 |   1010 |   3 |  511.3 |
               +--------+--------+--------+--------+--------+-----+--------+

Top non-repeatable levels by time:
     D:1: 758 daAuts
     D:2: 506 daAuts
     D:3: 270 daAuts
